 Dungeon Sprint DCSS version 0.29-a0-459-g97dee8cd24 (webtiles) character file.

Game seed: 4355208675606387879

613 mhtbhm the Carver (level 7, -4/103 HPs)
             Began as a Barachi Berserker on May 20, 2022.
             Was a Believer of Trog.
             Slain by a centaur warrior (10 damage)
             ... in the Dungeon (Sprint I: "Red Sonja").
             The game lasted 00:00:51 (899 turns).

mhtbhm the Carver (Barachi Berserker)                Turns: 899, Time: 00:00:53

Health: -4/103     AC:  6    Str: 20    XL:     7   Next: 44%
Magic:  7/7        EV: 12    Int:  8    God:    Trog [**....]
Gold:   415        SH:  0    Dex: 11    Spells: 6/6 levels left

rFire   . . .      SeeInvis .   a - +0 falchion
rCold   . . .      Faith    .   (no shield)
rNeg    . . .      Spirit   .   b - +0 ring mail
rPois   .          Reflect  .   (no helmet)
rElec   .          Harm     .   (no cloak)
rCorr   .          Rampage  .   (no gloves)
Will    .....      NoTele   +   (no boots)
Stlth   ..........              (no amulet)
HPRegen 0.27/turn               (no ring)
MPRegen 0.10/turn               (no ring)

@: berserking, unable to hop, very quick
A: amphibious, slowness 1, strong legs 1, +LOS
a: Hop, Renounce Religion, Berserk, Trog's Hand


You were in the Dungeon.
You worshipped Trog.
Trog was pleased with you.
You visited 1 branch You collected 415 gold pieces.

Inventory:

Hand Weapons
 a - a +0 falchion (weapon)
Armour
 b - a +0 ring mail (worn)
Wands
 i - a wand of flame (41)
Scrolls
 h - a scroll of blinking
Potions
 c - 2 potions of brilliance {unknown}
 d - a potion of heal wounds
 e - a potion of haste
 f - 2 potions of magic
 g - a potion of berserk rage


   Skills:
 + Level 11.7 Fighting
 + Level 12.7 Long Blades
 + Level 6.4 Armour
 + Level 5.9 Dodging
 + Level 0.2 Stealth


You had 6 spell levels left.
You didn't know any spells.
Your spell library was empty.

Dungeon Overview and Level Annotations

Branches:
Dungeon (1/1)

Altars:
Cheibriados
Dithmenos
Elyvilon
Fedhas
Gozag
Hepliaklqana
Kikubaaqudgha
Makhleb
Nemelex Xobeh
Okawaru
Qazlal
Ru
Sif Muna
Trog
Uskayaw
Vehumet
Wu Jian
Xom
Yredelemnul
Zin
The Shining One
Jiyva
Lugonu

Shops:
D [


Innate Abilities, Weirdness & Mutations

You are amphibious.
You cover ground slowly.
You can hop short distances.
You have an extended range of vision and can be seen from far away.


Message History

The centaur warrior hits you. The centaur warrior misses you.
A red film seems to cover your vision as you go berserk!
You feel yourself moving faster!
You feel mighty! The centaur warrior hits you.
The centaur warrior kicks you but does no damage.
The centaur warrior closely misses you. The centaur warrior kicks you.
The centaur warrior barely misses you. x2
You hit the centaur warrior.
The centaur warrior is lightly wounded.
The centaur warrior hits you! The centaur warrior kicks you.
The centaur warrior hits you but does no damage.
The centaur warrior barely misses you.
You slash the centaur warrior!
The centaur warrior is moderately wounded.
The centaur warrior hits you!
The centaur warrior kicks you but does no damage.
You slash the centaur warrior!
The centaur warrior is moderately wounded.
The centaur warrior hits you! The centaur warrior misses you.
You hit the centaur warrior.
The centaur warrior is heavily wounded.
The centaur warrior hits you.
The centaur warrior kicks you but does no damage.
The centaur warrior hits you. The centaur warrior closely misses you.
You slash the centaur warrior!
The centaur warrior is severely wounded.
The centaur warrior hits you!
* * * LOW HITPOINT WARNING * * *
The centaur warrior kicks you but does no damage.
You hit the centaur warrior but do no damage.
The centaur warrior is severely wounded.
The centaur warrior hits you!
* * * LOW HITPOINT WARNING * * *
The centaur warrior completely misses you.
You hit the centaur warrior.
The centaur warrior is severely wounded.
The centaur warrior hits you!
* * * LOW HITPOINT WARNING * * *
The centaur warrior kicks you but does no damage.
The centaur warrior hits you!
You die...

##################
..)..#..'..#__#..+
[.#..').#..'..'..#
####'#####'#__####
###..#...#.####§§#
__####..##)#§≈§§c#
_____##'#_§'§§§§@+
_.∩...÷...§#≈≈§.c#
_..__##_.#'##+####
_____###+#.#
###### ###


You could see 2 centaur warriors.

Vanquished Creatures
  A slime creature (D)
  Sigmund (D)
  A yak (D)
  An ogre (D)
  A jelly (D)
  Ijyb (D)
6 creatures vanquished.

Notes
Turn   | Place    | Note
-------+----------+-------------------------------------------
     0 | D        | mhtbhm the Barachi Berserker began the quest for the Orb.
     0 | D        | Reached XP level 1. HP: 18/18 MP: 1/1
     2 | D        | Noticed Ijyb
    16 | D        | Killed Ijyb
    17 | D        | Reached skill level 5 in Fighting
    17 | D        | Reached skill level 5 in Long Blades
    17 | D        | Reached XP level 2. HP: 22/27 MP: 2/2
    17 | D        | Reached XP level 3. HP: 27/33 MP: 3/3
   133 | D        | Noticed an ogre
   139 | D        | Killed an ogre
   140 | D        | Reached skill level 8 in Long Blades
   140 | D        | Reached XP level 4. HP: 44/44 MP: 4/4
   278 | D        | Noticed Sigmund
   284 | D        | Killed Sigmund
   284 | D        | Reached ** piety under Trog
   285 | D        | Reached skill level 10 in Fighting
   285 | D        | Reached skill level 10 in Long Blades
   285 | D        | Reached skill level 5 in Armour
   285 | D        | Reached XP level 5. HP: 53/53 MP: 5/5
   285 | D        | Reached XP level 6. HP: 60/60 MP: 6/6
   360 | D        | Found an ornate altar of the Wu Jian Council.
   360 | D        | Found a shimmering blue altar of Sif Muna.
   362 | D        | Found a radiant altar of Vehumet.
   499 | D        | Found Axyim's Armour Emporium.
   499 | D        | Found an ancient bone altar of Kikubaaqudgha.
   499 | D        | Found a hazy altar of Hepliaklqana.
   499 | D        | Found a stormy altar of Qazlal.
   499 | D        | Found a hide-covered altar of Uskayaw.
   499 | D        | Found a blossoming altar of Fedhas.
   499 | D        | Found a bloodstained altar of Trog.
   499 | D        | Found an iron altar of Okawaru.
   499 | D        | Found a basalt altar of Yredelemnul.
   499 | D        | Found a glowing golden altar of the Shining One.
   499 | D        | Found a snail-covered altar of Cheibriados.
   499 | D        | Found a sacrificial altar of Ru.
   499 | D        | Found a glowing silver altar of Zin.
   499 | D        | Found a shadowy altar of Dithmenos.
   499 | D        | Found a white marble altar of Elyvilon.
   499 | D        | Noticed a yak
   512 | D        | HP: 4/90 [yak (13)]
   515 | D        | Killed a yak
   516 | D        | Reached skill level 11 in Long Blades
   516 | D        | Reached skill level 5 in Dodging
   516 | D        | Reached XP level 7. HP: 5/68 MP: 7/7
   516 | D        | Found an opulent altar of Gozag.
   517 | D        | Found a sparkling altar of Nemelex Xobeh.
   827 | D        | Found a burning altar of Makhleb.
   827 | D        | Found a viscous altar of Jiyva.
   827 | D        | Found a shimmering altar of Xom.
   827 | D        | Found a corrupted altar of Lugonu.
   827 | D        | Noticed a slime creature
   836 | D        | Killed a slime creature
   837 | D        | Reached skill level 12 in Long Blades
   888 | D        | Noticed a centaur warrior
   890 | D        | Noticed a centaur warrior
   899 | D        | Slain by a centaur warrior

Illustrated notes

Levels and vault maps discovered:
D:        dungeon_sprint_1 [red_sonja_temple_1, red_sonja_temple_small_1]

Skill      XL: |  1  2  3  4  5  6  7 |
---------------+----------------------+-----
Fighting       | 5 7 10 11 | 11.7
Long Blades    | 5 8 10 11 12 | 12.7
Armour         | 3 4 5 6 |  6.4
Dodging        | 3 4 5 |  5.9
Stealth        | |  0.2

Action                   |  1- 3 |  4- 6 |  7- 9 || total
-------------------------+-------+-------+-------++-------
Melee: Falchion          |    18 |    24 |    15 ||    57
Invok: Berserk           |     2 |     2 |     2 ||     6
 Abil: Hop               |       |       |     1 ||     1
  Use: Potion            |       |     1 |       ||     1
Armor: Ring mail         |       |     2 |     9 ||    11
Dodge: Dodged            |     7 |     8 |     9 ||    24

Table legend: (Time is in decaauts)
 A = Elapsed time spent in this place.
 B = Non-inter-level travel time spent in this place.
 C = Inter-level travel time spent in this place.
 D = Time resting spent in this place.
 E = Time spent auto-exploring this place.
 F = Levels seen in this place.
 G = Mean time per level.
                   A        B        C        D        E       F      G
               +--------+--------+--------+--------+--------+-----+--------+
         Total |    949 |    949 |      0 |    739 |      0 |   1 |  949.0 |
       Dungeon |    949 |    949 |      0 |    739 |      0 |   1 |  949.0 |
               +--------+--------+--------+--------+--------+-----+--------+

Top non-repeatable levels by time:
       D: 949 daAuts
